Panthers vs Sabres
(R1)
Created - October 20, 2017 at 21:50
Goals
|
| Panthers |
0 |
2 |
1 |
0 |
2 |
4 |
| Sabres |
1 |
1 |
1 |
0 |
1 |
3 |
|
Shots
|
| Panthers |
4 |
21 |
9 |
1 |
9 |
35 |
| Sabres |
9 |
12 |
9 |
3 |
9 |
33 |
|
1st period
1. Sabres , Ryan O'Reilly 2 (Rob Scuderi 3) at 16:53
Penalties :
Guillaume Latendresse (Flo) for Cross-checking (Minor) at 4:46, Jonathan Sigalet (Flo) for Interference (Minor) at 11:48
2nd period
2. Panthers , Tim Connolly 1 (Marian Hossa 1, Erik Gudbranson 4) at 3:50 (PP)
3. Panthers , Peter Prucha 1 (Sergei Samsonov 1, Scott Gomez 4) at 17:26
4. Sabres , Kyle Okposo 2 (Zach Bogosian 1) at 19:03
Penalties :
Evander Kane (Buf) for Slashing (Minor) at 3:33, Andrei Loktionov (Buf) for Holding (Minor) at 4:06, Radko Gudas (Flo) for Interference (Minor) at 5:41, Robin Lehner (Buf) for Slashing (Minor) at 9:17 - Andrei Loktionov served the penalty
3rd period
5. Panthers , Tim Connolly 2 (Marian Hossa 2) at 2:23 (SH)
6. Sabres , J.T. Miller 1 (Vincent Lecavalier 7) at 2:27 (PP)
Penalties :
Shawn Horcoff (Flo) for Hooking (Minor) at 1:35, Evander Kane (Buf) for Interference (Minor) at 5:00, Jonathan Matsumoto (Flo) for Interference (Minor) at 8:53, Radko Gudas (Flo) for Hooking (Minor) at 15:28
Overtime #1
No Goal
Penalties :
No Penalty
Shootout
Penalty Shot by Guillaume Latendresse for Panthers - Stopped by Robin Lehner
Penalty Shot by Vincent Lecavalier for Sabres - Stopped by Antti Niemi
Penalty Shot by Sergei Samsonov for Panthers - Goal!
Penalty Shot by Kyle Okposo for Sabres - Goal!
Penalty Shot by Jeff Tambellini for Panthers - Stopped by Robin Lehner
Penalty Shot by Evander Kane for Sabres - Stopped by Antti Niemi
Penalty Shot by Marian Hossa for Panthers - Shot Hit the Post
Penalty Shot by Scottie Upshall for Sabres - Stopped by Antti Niemi
Penalty Shot by Peter Prucha for Panthers - Stopped by Robin Lehner
Penalty Shot by Andrei Loktionov for Sabres - Stopped by Antti Niemi
Penalty Shot by Jonathan Matsumoto for Panthers - Shot Misses the Net
Penalty Shot by Ryan O'Reilly for Sabres - Stopped by Antti Niemi
Penalty Shot by Shawn Horcoff for Panthers - Shot Misses the Net
Penalty Shot by Matt Martin for Sabres - Shot Misses the Net
Penalty Shot by Daniel Paille for Panthers - Shot Misses the Net
Penalty Shot by Michael Haley for Sabres - Shot Misses the Net
Penalty Shot by Alexander Perezhogin for Panthers - Goal!
Penalty Shot by Jordan Leopold for Sabres - Stopped by Antti Niemi
Penalties :
No Penalty
Goalie Stats
Antti Niemi (Flo), 30 saves from 33 shots - (0.909), W, 2-1-0, 65:00 minutes
Robin Lehner (Buf), 32 saves from 35 shots - (0.914), OTL, 3-1-1, 65:00 minutes
Players Stats for Panthers
Player Name G A P +/- PIM S H SB GA TA FO MP PP MP PK MP
------------------------------------------------------------------------------------
Alexander Perezhogin 0 0 0 0 0 3 1 1 0 1 0/0 9:14 0:14 0:00
Cody Ceci 0 0 0 0 0 0 0 1 0 0 0/0 14:57 0:00 3:44
Daniel Paille 0 0 0 0 0 0 2 0 1 1 0/0 11:26 0:14 2:00
Erik Gudbranson 0 1 1 2 0 2 3 2 1 2 0/0 32:18 3:11 6:24
Guillaume Latendresse 0 0 0 -2 2 7 2 1 4 0 1/3 25:25 3:12 5:04
Jeff Tambellini 0 0 0 0 0 0 0 0 0 0 0/1 8:34 0:00 0:17
Jonathan Matsumoto 0 0 0 0 2 1 0 1 0 0 1/4 7:28 0:00 0:00
Jonathan Sigalet 0 0 0 1 2 2 2 0 0 4 0/0 28:11 3:11 3:13
Marian Hossa 0 2 2 -1 0 1 3 1 1 0 1/2 22:30 3:12 2:36
Matthew Spiller 0 0 0 -1 0 0 1 0 1 1 0/0 24:38 2:39 6:19
Peter Prucha 1 0 1 1 0 3 2 0 0 0 0/0 14:11 2:24 0:00
Radko Gudas 0 0 0 -2 4 0 2 0 0 1 0/0 19:00 2:38 0:33
Scott Gomez 0 1 1 1 0 6 1 0 0 0 14/22 21:16 2:24 5:46
Sergei Samsonov 0 1 1 1 0 5 0 0 0 0 0/0 15:50 2:24 0:00
Shawn Horcoff 0 0 0 0 2 1 2 0 0 0 2/6 13:34 0:14 3:59
Tim Connolly 2 0 2 -1 0 4 3 0 1 0 14/27 21:40 3:12 1:04
Tomas Kopecky 0 0 0 0 0 0 0 0 0 0 0/0 7:27 0:00 0:00
William Colbert 0 0 0 0 0 0 1 1 0 0 0/0 11:28 0:00 0:33
Players Stats for Sabres
Player Name G A P +/- PIM S H SB GA TA FO MP PP MP PK MP
------------------------------------------------------------------------------------
Andrei Loktionov 0 0 0 0 2 4 1 0 1 0 8/22 18:43 4:43 0:00
Brandon Sutter 0 0 0 0 0 1 1 0 1 1 5/8 11:51 0:00 3:24
Evander Kane 0 0 0 0 4 3 1 0 1 1 0/0 20:06 4:43 0:32
J.T. Miller 1 0 1 -1 0 2 2 0 0 0 0/0 23:15 5:40 3:24
Jakub Kindl 0 0 0 0 0 0 0 0 0 1 0/0 10:50 0:00 0:00
Jared Cowen 0 0 0 -2 0 2 3 0 0 1 0/0 23:28 4:10 1:59
Jordan Leopold 0 0 0 0 0 0 1 0 0 0 0/0 10:50 0:00 0:00
Kyle Okposo 1 0 1 1 0 1 1 1 1 1 0/0 19:26 5:40 0:00
Martin St. Louis 0 0 0 -1 0 1 2 0 1 1 0/1 13:37 0:02 0:00
Matt Martin 0 0 0 1 0 0 3 0 0 0 0/1 11:27 0:00 0:55
Michael Haley 0 0 0 0 0 0 0 0 0 0 1/1 9:52 0:00 0:23
Michael Kostka 0 0 0 -2 0 1 1 0 0 0 0/0 23:28 4:10 1:59
Rob Scuderi 0 1 1 2 0 3 1 1 1 2 0/0 30:42 6:13 3:51
Ryan O'Reilly 1 0 1 1 0 1 0 0 0 0 3/4 10:43 0:00 1:31
Scottie Upshall 0 0 0 0 0 1 1 0 1 0 0/0 9:22 0:00 0:00
Vincent Lecavalier 0 1 1 -1 0 6 0 1 0 0 15/27 19:31 5:38 0:00
Zach Bogosian 0 1 1 2 0 3 0 4 2 1 0/0 30:42 6:13 3:51
Zack Kassian 0 0 0 0 0 4 1 1 1 0 0/1 15:50 4:43 1:31
3 Stars
1 - Tim Connolly (Flo)
2 - Peter Prucha (Flo)
3 - Erik Gudbranson (Flo)
Power Play
Panthers - 1 on 4 Attempt(s) - 25.00%
Sabres - 1 on 6 Attempt(s) - 16.67%
Penalty Kill
Panthers - 5 on 6 Attempt(s) - 83.33%
- Score 1 goal in Penalty Kill
Sabres - 3 on 4 Attempt(s) - 75.00%
- Score 0 goal in Penalty Kill
Team Stat
Panthers - Hits : 25 - Faceoff Wins : 33 - Blocked Shots : 8 - Penalty Minutes : 12
Sabres - Hits : 19 - Faceoff Wins : 32 - Blocked Shots : 8 - Penalty Minutes : 8
Official
Referees : Meier Brad and Watson Brad
Linesman : Brian Murphy and Steve Barton
Game Notes
No Game Note
Finance
Level 1 -- Attendance: 5152 (85.87%) -- Ticket Income $463,680
Level 2 -- Attendance: 4695 (93.90%) -- Ticket Income $258,225
Level 3 -- Attendance: 2000 (100.00%) -- Ticket Income $70,000
Level 4 -- Attendance: 3716 (92.90%) -- Ticket Income $92,900
Luxury Box -- Attendance: 940 (94.00%) -- Ticket Income $155,100
Game was played at the Duff Garden.
Total Attendance: 16503 (91.68%)
Total Ticket Income: $1,039,905
Other Income: $155,986
Total Income: $1,195,891
Panthers
5 vs 5 Forward
Center Left Wing Right Wing Time % Phy DF OF
1 Tim Connolly Guillaume Latendresse Marian Hossa 40 0 2 3
2 Scott Gomez Sergei Samsonov Peter Prucha 30 0 2 3
3 Shawn Horcoff Jeff Tambellini Alexander Perezhogin 20 1 2 2
4 Jonathan Matsumoto Daniel Paille Tomas Kopecky 10 1 2 2
5 vs 5 Defense
Defense Defense Time % Phy DF OF
1 Jonathan Sigalet Erik Gudbranson 40 0 2 3
2 Matthew Spiller Radko Gudas 30 0 2 3
3 William Colbert Cody Ceci 20 0 3 2
4 Jonathan Sigalet Erik Gudbranson 10 0 2 3
PowerPlay Forward
Center Left Wing Right Wing Time % Phy DF OF
1 Tim Connolly Guillaume Latendresse Marian Hossa 60 1 0 4
2 Scott Gomez Sergei Samsonov Peter Prucha 40 1 0 4
PowerPlay Defense
Defense Defense Time % Phy DF OF
1 Jonathan Sigalet Erik Gudbranson 60 1 1 3
2 Matthew Spiller Radko Gudas 40 1 1 3
Penalty Kill 4 Players Forward
Center Wing Time % Phy DF OF
1 Scott Gomez Guillaume Latendresse 60 1 3 1
2 Shawn Horcoff Marian Hossa 40 1 3 1
Penalty Kill 4 Players Defense
Defense Defense Time % Phy DF OF
1 Matthew Spiller Erik Gudbranson 60 1 3 1
2 Jonathan Sigalet Cody Ceci 40 1 3 1
Penalty Kill - 3 Players Forward
Forward Time % Phy DF OF
1 Guillaume Latendresse 60 1 3 1
2 Scott Gomez 40 1 3 1
Penalty Kill - 3 Players Defense
Defense Defense Time % Phy DF OF
1 Matthew Spiller Erik Gudbranson 60 1 3 1
2 Jonathan Sigalet Cody Ceci 40 1 3 1
4 vs 4 Forward
Center Wing Time % Phy DF OF
1 Tim Connolly Guillaume Latendresse 60 0 2 3
2 Scott Gomez Marian Hossa 40 0 2 3
4 vs 4 Defense
Defense Defense Time % Phy DF OF
1 Jonathan Sigalet Erik Gudbranson 60 0 2 3
2 Matthew Spiller Radko Gudas 40 1 2 2
Last Minutes Offensive
Center Left Wing Right Wing Defense Defense
Tim Connolly Guillaume Latendresse Marian Hossa Jonathan Sigalet Erik Gudbranson
Last Minutes Defensive
Center Left Wing Right Wing Defense Defense
Scott Gomez Guillaume Latendresse Peter Prucha Matthew Spiller Cody Ceci
Goaltenders
Starting : Antti Niemi
Backup : Petr Mrazek
Extra Forwards
Normal : Sergei Samsonov, Guillaume Latendresse, Marian Hossa - PP : Sergei Samsonov, Guillaume Latendresse - PK : Shawn Horcoff
Extra Defensemen
Normal : Matthew Spiller, Jonathan Sigalet, Erik Gudbranson - PP : Jonathan Sigalet - PK : Cody Ceci, Erik Gudbranson
Penalty Shots
Guillaume Latendresse, Sergei Samsonov, Jeff Tambellini, Marian Hossa, Peter Prucha
Scratches
Daniel Sedin (Left Hip Injury), Steve Montador (Right Forearm Injury)
Sabres
5 vs 5 Forward
Center Left Wing Right Wing Time % Phy DF OF
1 Andrei Loktionov Evander Kane Kyle Okposo 37 0 2 3
2 Vincent Lecavalier J.T. Miller Martin St. Louis 31 0 2 3
3 Ryan O'Reilly Matt Martin Zack Kassian 25 0 2 3
4 Brandon Sutter Michael Haley Scottie Upshall 7 1 2 2
5 vs 5 Defense
Defense Defense Time % Phy DF OF
1 Zach Bogosian Rob Scuderi 40 0 2 3
2 Michael Kostka Jared Cowen 30 0 2 3
3 Jakub Kindl Jordan Leopold 20 1 2 2
4 Michael Kostka Jared Cowen 10 1 2 2
PowerPlay Forward
Center Left Wing Right Wing Time % Phy DF OF
1 Vincent Lecavalier J.T. Miller Kyle Okposo 60 0 1 4
2 Andrei Loktionov Evander Kane Zack Kassian 40 0 1 4
PowerPlay Defense
Defense Defense Time % Phy DF OF
1 Zach Bogosian Rob Scuderi 60 1 1 3
2 Michael Kostka Jared Cowen 40 1 1 3
Penalty Kill 4 Players Forward
Center Wing Time % Phy DF OF
1 Brandon Sutter J.T. Miller 60 1 3 1
2 Ryan O'Reilly Zack Kassian 40 1 3 1
Penalty Kill 4 Players Defense
Defense Defense Time % Phy DF OF
1 Zach Bogosian Rob Scuderi 60 1 4 0
2 Michael Kostka Jared Cowen 40 1 4 0
Penalty Kill - 3 Players Forward
Forward Time % Phy DF OF
1 Brandon Sutter 60 1 4 0
2 J.T. Miller 40 1 4 0
Penalty Kill - 3 Players Defense
Defense Defense Time % Phy DF OF
1 Zach Bogosian Rob Scuderi 60 1 4 0
2 Michael Kostka Jared Cowen 40 1 4 0
4 vs 4 Forward
Center Wing Time % Phy DF OF
1 Vincent Lecavalier J.T. Miller 60 1 2 2
2 Ryan O'Reilly Scottie Upshall 40 1 2 2
4 vs 4 Defense
Defense Defense Time % Phy DF OF
1 Zach Bogosian Rob Scuderi 60 1 2 2
2 Michael Kostka Jared Cowen 40 1 2 2
Last Minutes Offensive
Center Left Wing Right Wing Defense Defense
Vincent Lecavalier Evander Kane Martin St. Louis Zach Bogosian Michael Kostka
Last Minutes Defensive
Center Left Wing Right Wing Defense Defense
Vincent Lecavalier J.T. Miller Zack Kassian Zach Bogosian Jared Cowen
Goaltenders
Starting : Robin Lehner
Backup : Jonas Hiller
Extra Forwards
Normal : Martin St. Louis, Zack Kassian, Matt Martin - PP : Martin St. Louis, Zack Kassian - PK : Matt Martin
Extra Defensemen
Normal : Jakub Kindl, Jordan Leopold, Michael Kostka - PP : Jakub Kindl - PK : Jordan Leopold, Michael Kostka
Penalty Shots
Vincent Lecavalier, Kyle Okposo, Evander Kane, Scottie Upshall, Andrei Loktionov
Scratches
Darcy Hordichuk (Lower Body Injury)
% Time on Ice - Panthers
Lines # - Real PCT - Wanted PCT - Time Play
Normal Forward
1 - 36% - 40% - 15:35
2 - 28% - 30% - 12:19
3 - 19% - 20% - 8:02
4 - 17% - 10% - 7:27
Normal Defense
1 - 42% - 40% - 18:14
2 - 32% - 30% - 13:44
3 - 23% - 20% - 10:04
4 - 3% - 10% - 1:21
PP Forward
1 - 59% - 60% - 3:26
2 - 41% - 40% - 2:24
PP Defense
1 - 55% - 60% - 3:11
2 - 45% - 40% - 2:39
PK Forward
1 - 75% - 60% - 7:47
2 - 25% - 40% - 2:36
PK Defense
1 - 59% - 60% - 6:06
2 - 41% - 40% - 4:17
PK3 Forward
1 - 0% - 60%
2 - 0% - 40%
PK3 Defense
1 - 0% - 60%
2 - 0% - 40%
44 Forward
1 - 85% - 60% - 4:34
2 - 15% - 40% - 0:50
44 Defense
1 - 63% - 60% - 3:23
2 - 37% - 40% - 2:01
Last Minute Offensive - 0:00
Last Minute Defensive - 0:00
Total
Forward - 65:00
Defense - 65:00
|
% Time on Ice - Sabres
Lines # - Real PCT - Wanted PCT - Time Play
Normal Forward
1 - 36% - 37% - 15:47
2 - 27% - 31% - 11:36
3 - 18% - 25% - 7:55
4 - 19% - 7% - 8:05
Normal Defense
1 - 41% - 40% - 17:35
2 - 31% - 30% - 13:22
3 - 25% - 20% - 10:50
4 - 4% - 10% - 1:36
PP Forward
1 - 55% - 60% - 5:40
2 - 45% - 40% - 4:43
PP Defense
1 - 60% - 60% - 6:13
2 - 40% - 40% - 4:10
PK Forward
1 - 74% - 60% - 4:19
2 - 26% - 40% - 1:31
PK Defense
1 - 66% - 60% - 3:51
2 - 34% - 40% - 1:59
PK3 Forward
1 - 0% - 60%
2 - 0% - 40%
PK3 Defense
1 - 0% - 60%
2 - 0% - 40%
44 Forward
1 - 76% - 60% - 4:07
2 - 24% - 40% - 1:17
44 Defense
1 - 56% - 60% - 3:03
2 - 44% - 40% - 2:21
Last Minute Offensive - 0:00
Last Minute Defensive - 0:00
Total
Forward - 65:00
Defense - 65:00
|
Play by Play
1st period
0:01 of 1st period - Tim Connolly wins face-off versus Andrei Loktionov in neutral zone.
0:26 of 1st period - Peter Prucha is hit by Rob Scuderi and loses puck.
0:35 of 1st period - Snap shot by Vincent Lecavalier.
0:35 of 1st period - Stopped by Antti Niemi with a rebound.
0:53 of 1st period - Jeff Tambellini is hit by Matt Martin and loses puck.
1:14 of 1st period - Snap shot by Daniel Paille.
1:14 of 1st period - Shot Misses the Net.
2:25 of 1st period - Icing by Matthew Spiller.
2:26 of 1st period - Jonathan Matsumoto wins face-off versus Brandon Sutter in Panthers zone.
3:21 of 1st period - Backhand shot by Brandon Sutter.
3:21 of 1st period - Shot Misses the Net.
3:37 of 1st period - Snap shot by Alexander Perezhogin.
3:37 of 1st period - Shot Misses the Net.
4:39 of 1st period - Icing by Zach Bogosian.
4:40 of 1st period - Tim Connolly wins face-off versus Andrei Loktionov in Sabres zone.
4:46 of 1st period - Minor Penalty to Guillaume Latendresse for Cross-checking.
4:47 of 1st period - Scott Gomez wins face-off versus Vincent Lecavalier in Panthers zone.
4:52 of 1st period - Icing by Jared Cowen.
4:53 of 1st period - Vincent Lecavalier wins face-off versus Scott Gomez in Sabres zone.
6:10 of 1st period - Scott Gomez is hit by Michael Kostka and loses puck.
6:21 of 1st period - J.T. Miller is hit by Tim Connolly and loses puck.
6:44 of 1st period - Shawn Horcoff is hit by Jared Cowen.
6:46 of 1st period - Penalty to Guillaume Latendresse is over, Guillaume Latendresse is back on ice.
6:52 of 1st period - Slapshot by Jonathan Sigalet.
6:52 of 1st period - Shot Blocked by Zack Kassian.
7:47 of 1st period - Zach Bogosian is hit by Matthew Spiller.
7:57 of 1st period - Zach Bogosian is hit by Marian Hossa and loses puck.
8:34 of 1st period - Backhand shot by Scott Gomez.
8:34 of 1st period - Stopped by Robin Lehner with a rebound.
9:19 of 1st period - Zack Kassian is hit by Erik Gudbranson and loses puck.
9:40 of 1st period - Michael Kostka is hit by Jonathan Sigalet and loses puck.
10:01 of 1st period - Jordan Leopold is hit by Radko Gudas and loses puck.
10:27 of 1st period - Michael Haley is hit by Daniel Paille and loses puck.
10:40 of 1st period - Martin St. Louis is hit by Peter Prucha and loses puck.
10:55 of 1st period - Andrei Loktionov is hit by Alexander Perezhogin and loses puck.
11:48 of 1st period - Minor Penalty to Jonathan Sigalet for Interference.
11:49 of 1st period - Vincent Lecavalier wins face-off versus Scott Gomez in Panthers zone.
11:50 of 1st period - Wrist shot by Kyle Okposo.
11:50 of 1st period - Shot Blocked by Guillaume Latendresse.
12:22 of 1st period - Slapshot by Zach Bogosian.
12:22 of 1st period - Stopped by Antti Niemi with a rebound.
13:48 of 1st period - Penalty to Jonathan Sigalet is over, Jonathan Sigalet is back on ice.
13:55 of 1st period - Jonathan Sigalet is hit by Brandon Sutter and loses puck.
14:47 of 1st period - Andrei Loktionov is hit by Shawn Horcoff and loses puck.
15:25 of 1st period - Guillaume Latendresse is hit by Jared Cowen and loses puck.
15:53 of 1st period - Off-side.
15:54 of 1st period - Ryan O'Reilly wins face-off versus Shawn Horcoff in neutral zone.
15:57 of 1st period - Snap shot by Zack Kassian.
15:57 of 1st period - Stopped by Antti Niemi with a rebound.
15:59 of 1st period - Slapshot by Jared Cowen.
15:59 of 1st period - Deflect By Zack Kassian.
15:59 of 1st period - Stopped by Antti Niemi with a rebound.
16:01 of 1st period - Slapshot by Jared Cowen.
16:01 of 1st period - Deflect By Zack Kassian.
16:01 of 1st period - Stopped by Antti Niemi without a rebound.
16:02 of 1st period - Andrei Loktionov wins face-off versus Scott Gomez in Panthers zone.
16:19 of 1st period - Snap shot by Andrei Loktionov.
16:19 of 1st period - Stopped by Antti Niemi without a rebound.
16:20 of 1st period - Tim Connolly wins face-off versus Vincent Lecavalier in Panthers zone.
16:53 of 1st period - Snap shot by Ryan O'Reilly.
16:53 of 1st period - Goal by Ryan O'Reilly - Panthers : 0 - Sabres : 1.
16:54 of 1st period - Andrei Loktionov wins face-off versus Scott Gomez in neutral zone.
17:21 of 1st period - Snap shot by Tim Connolly.
17:21 of 1st period - Stopped by Robin Lehner without a rebound.
17:22 of 1st period - Vincent Lecavalier wins face-off versus Marian Hossa in Sabres zone.
17:34 of 1st period - Snap shot by Guillaume Latendresse.
17:34 of 1st period - Stopped by Robin Lehner with a rebound.
17:36 of 1st period - Slapshot by Matthew Spiller.
17:36 of 1st period - Shot Blocked by Zach Bogosian.
17:38 of 1st period - Wrist shot by Tim Connolly.
17:38 of 1st period - Shot Blocked by Zach Bogosian.
17:40 of 1st period - Snap shot by Tim Connolly.
17:40 of 1st period - Deflect By J.T. Miller.
17:40 of 1st period - Stopped by Robin Lehner without a rebound.
17:41 of 1st period - Scott Gomez wins face-off versus Andrei Loktionov in Sabres zone.
17:51 of 1st period - Wrist shot by Peter Prucha.
17:51 of 1st period - Shot Misses the Net.
18:35 of 1st period - Icing by Jonathan Sigalet.
18:36 of 1st period - Tim Connolly wins face-off versus Vincent Lecavalier in Panthers zone.
18:41 of 1st period - Wrist shot by Vincent Lecavalier.
18:41 of 1st period - Stopped by Antti Niemi with a rebound.
18:43 of 1st period - Slapshot by Jordan Leopold.
18:43 of 1st period - Shot Blocked by Marian Hossa.
18:45 of 1st period - Wrist shot by Vincent Lecavalier.
18:45 of 1st period - Stopped by Antti Niemi without a rebound.
18:46 of 1st period - Vincent Lecavalier wins face-off versus Tim Connolly in Panthers zone.
18:57 of 1st period - Backhand shot by Martin St. Louis.
18:57 of 1st period - Shot Misses the Net.
19:19 of 1st period - Snap shot by Scott Gomez.
19:19 of 1st period - Shot Misses the Net.
19:30 of 1st period - Off-side.
19:31 of 1st period - Andrei Loktionov wins face-off versus Shawn Horcoff in neutral zone.
19:44 of 1st period - Snap shot by Alexander Perezhogin.
19:44 of 1st period - Shot Misses the Net.
Goals for this period are 0 for Panthers vs 1 for Sabres.
Shots for this period are 4 for Panthers vs 9 for Sabres.
2nd period
0:01 of 2nd period - Guillaume Latendresse wins face-off versus Andrei Loktionov in neutral zone.
0:50 of 2nd period - Snap shot by Alexander Perezhogin.
0:50 of 2nd period - Stopped by Robin Lehner with a rebound.
1:14 of 2nd period - Wrist shot by Daniel Paille.
1:14 of 2nd period - Shot Misses the Net.
1:27 of 2nd period - Icing by Radko Gudas.
1:28 of 2nd period - Vincent Lecavalier wins face-off versus Jonathan Matsumoto in Panthers zone.
1:31 of 2nd period - Slapshot by Vincent Lecavalier.
1:31 of 2nd period - Stopped by Antti Niemi with a rebound.
1:33 of 2nd period - Backhand shot by Jared Cowen.
1:33 of 2nd period - Stopped by Antti Niemi with a rebound.
1:35 of 2nd period - Snap shot by J.T. Miller.
1:35 of 2nd period - Stopped by Antti Niemi without a rebound.
1:36 of 2nd period - Vincent Lecavalier wins face-off versus Tim Connolly in Panthers zone.
1:52 of 2nd period - Off-side.
1:53 of 2nd period - Scott Gomez wins face-off versus Andrei Loktionov in neutral zone.
2:50 of 2nd period - Slapshot by Shawn Horcoff.
2:50 of 2nd period - Shot Misses the Net.
2:52 of 2nd period - Slapshot by Radko Gudas.
2:52 of 2nd period - Shot Misses the Net.
3:33 of 2nd period - Minor Penalty to Evander Kane for Slashing.
3:34 of 2nd period - Brandon Sutter wins face-off versus Tim Connolly in Sabres zone.
3:50 of 2nd period - Wrist shot by Tim Connolly.
3:50 of 2nd period - Goal by Tim Connolly - Panthers : 1 - Sabres : 1.
3:51 of 2nd period - Tim Connolly wins face-off versus Andrei Loktionov in neutral zone.
4:06 of 2nd period - Minor Penalty to Andrei Loktionov for Holding.
4:07 of 2nd period - Tim Connolly wins face-off versus Brandon Sutter in Sabres zone.
4:07 of 2nd period - Wrist shot by Marian Hossa.
4:07 of 2nd period - Shot Misses the Net.
4:09 of 2nd period - Slapshot by Jonathan Sigalet.
4:09 of 2nd period - Stopped by Robin Lehner with a rebound.
4:23 of 2nd period - Snap shot by J.T. Miller.
4:23 of 2nd period - Deflect By Brandon Sutter.
4:23 of 2nd period - Shot Hit the Post.
4:23 of 2nd period - Puck is out of play.
4:24 of 2nd period - Tim Connolly wins face-off versus Brandon Sutter in Panthers zone.
5:41 of 2nd period - Minor Penalty to Radko Gudas for Interference.
5:42 of 2nd period - Tim Connolly wins face-off versus Vincent Lecavalier in Panthers zone.
5:47 of 2nd period - Snap shot by Guillaume Latendresse.
5:47 of 2nd period - Stopped by Robin Lehner with a rebound.
5:49 of 2nd period - Slapshot by Tim Connolly.
5:49 of 2nd period - Shot Blocked by Vincent Lecavalier.
5:51 of 2nd period - Snap shot by Tim Connolly.
5:51 of 2nd period - Shot Blocked by Zach Bogosian.
5:57 of 2nd period - Snap shot by Guillaume Latendresse.
5:57 of 2nd period - Deflect By Tim Connolly.
5:57 of 2nd period - Shot Misses the Net.
5:57 of 2nd period - Puck is out of play.
5:58 of 2nd period - Vincent Lecavalier wins face-off versus Tim Connolly in Sabres zone.
6:05 of 2nd period - Snap shot by Guillaume Latendresse.
6:05 of 2nd period - Stopped by Robin Lehner without a rebound.
6:06 of 2nd period - Penalty to Andrei Loktionov is over, Andrei Loktionov is back on ice.
6:06 of 2nd period - Vincent Lecavalier wins face-off versus Tim Connolly in Sabres zone.
6:23 of 2nd period - Snap shot by Guillaume Latendresse.
6:23 of 2nd period - Stopped by Robin Lehner without a rebound.
6:24 of 2nd period - Andrei Loktionov wins face-off versus Guillaume Latendresse in Sabres zone.
6:31 of 2nd period - Snap shot by Andrei Loktionov.
6:31 of 2nd period - Stopped by Antti Niemi with a rebound.
6:44 of 2nd period - Icing by Andrei Loktionov.
6:45 of 2nd period - Scott Gomez wins face-off versus Andrei Loktionov in Sabres zone.
6:46 of 2nd period - Slapshot by Guillaume Latendresse.
6:46 of 2nd period - Stopped by Robin Lehner with a rebound.
6:48 of 2nd period - Wrist shot by Scott Gomez.
6:48 of 2nd period - Stopped by Robin Lehner without a rebound.
6:49 of 2nd period - Vincent Lecavalier wins face-off versus Scott Gomez in Sabres zone.
7:11 of 2nd period - Wrist shot by Scott Gomez.
7:11 of 2nd period - Stopped by Robin Lehner without a rebound.
7:12 of 2nd period - Scott Gomez wins face-off versus Andrei Loktionov in Sabres zone.
7:15 of 2nd period - Slapshot by Scott Gomez.
7:15 of 2nd period - Shot Blocked by Zach Bogosian.
7:37 of 2nd period - Marian Hossa is hit by Kyle Okposo and loses puck.
7:41 of 2nd period - Penalty to Radko Gudas is over, Radko Gudas is back on ice.
8:20 of 2nd period - Slapshot by Scott Gomez.
8:20 of 2nd period - Stopped by Robin Lehner with a rebound.
8:22 of 2nd period - Snap shot by Sergei Samsonov.
8:22 of 2nd period - Stopped by Robin Lehner with a rebound.
8:24 of 2nd period - Wrist shot by Sergei Samsonov.
8:24 of 2nd period - Stopped by Robin Lehner without a rebound.
8:25 of 2nd period - Andrei Loktionov wins face-off versus Scott Gomez in Sabres zone.
8:33 of 2nd period - Slapshot by Peter Prucha.
8:33 of 2nd period - Stopped by Robin Lehner without a rebound.
8:34 of 2nd period - Scott Gomez wins face-off versus Andrei Loktionov in Sabres zone.
9:09 of 2nd period - Snap shot by Peter Prucha.
9:09 of 2nd period - Shot Misses the Net.
9:11 of 2nd period - Slapshot by Sergei Samsonov.
9:11 of 2nd period - Stopped by Robin Lehner with a rebound.
9:17 of 2nd period - Snap shot by Scott Gomez.
9:17 of 2nd period - Stopped by Robin Lehner without a rebound.
9:17 of 2nd period - Minor Penalty to Robin Lehner for Slashing.
9:18 of 2nd period - Brandon Sutter wins face-off versus Guillaume Latendresse in Sabres zone.
9:18 of 2nd period - Brandon Sutter is hit by Tim Connolly.
11:17 of 2nd period - Penalty to Andrei Loktionov is over, Andrei Loktionov is back on ice.
11:27 of 2nd period - Snap shot by Alexander Perezhogin.
11:27 of 2nd period - Shot Misses the Net.
12:06 of 2nd period - Snap shot by Vincent Lecavalier.
12:06 of 2nd period - Shot Blocked by Jonathan Matsumoto.
12:08 of 2nd period - Snap shot by Vincent Lecavalier.
12:08 of 2nd period - Stopped by Antti Niemi with a rebound.
12:18 of 2nd period - Marian Hossa is hit by Jordan Leopold and loses puck.
12:31 of 2nd period - Wrist shot by Sergei Samsonov.
12:31 of 2nd period - Stopped by Robin Lehner with a rebound.
13:04 of 2nd period - Jonathan Sigalet is hit by Evander Kane and loses puck.
14:21 of 2nd period - Snap shot by Evander Kane.
14:21 of 2nd period - Shot Blocked by Erik Gudbranson.
14:23 of 2nd period - Slapshot by Jared Cowen.
14:23 of 2nd period - Deflect By Erik Gudbranson.
14:23 of 2nd period - Stopped by Antti Niemi without a rebound.
14:24 of 2nd period - Michael Haley wins face-off versus Jonathan Matsumoto in Panthers zone.
14:27 of 2nd period - Snap shot by Brandon Sutter.
14:27 of 2nd period - Stopped by Antti Niemi without a rebound.
14:28 of 2nd period - Brandon Sutter wins face-off versus Tim Connolly in Panthers zone.
15:59 of 2nd period - Vincent Lecavalier is hit by Jonathan Sigalet and loses puck.
16:38 of 2nd period - Snap shot by Scottie Upshall.
16:38 of 2nd period - Shot Misses the Net.
16:40 of 2nd period - Slapshot by Scottie Upshall.
16:40 of 2nd period - Shot Blocked by Alexander Perezhogin.
16:42 of 2nd period - Snap shot by Scottie Upshall.
16:42 of 2nd period - Shot Misses the Net.
16:44 of 2nd period - Slapshot by Rob Scuderi.
16:44 of 2nd period - Shot Misses the Net.
16:46 of 2nd period - Snap shot by Zach Bogosian.
16:46 of 2nd period - Stopped by Antti Niemi with a rebound.
17:18 of 2nd period - Wrist shot by Scott Gomez.
17:18 of 2nd period - Stopped by Robin Lehner without a rebound.
17:19 of 2nd period - Scott Gomez wins face-off versus Vincent Lecavalier in Sabres zone.
17:26 of 2nd period - Snap shot by Peter Prucha.
17:26 of 2nd period - Goal by Peter Prucha - Panthers : 2 - Sabres : 1.
17:27 of 2nd period - Marian Hossa wins face-off versus Vincent Lecavalier in neutral zone.
17:49 of 2nd period - Icing by Vincent Lecavalier.
17:50 of 2nd period - Scott Gomez wins face-off versus Vincent Lecavalier in Sabres zone.
18:01 of 2nd period - Snap shot by Peter Prucha.
18:01 of 2nd period - Stopped by Robin Lehner without a rebound.
18:02 of 2nd period - Andrei Loktionov wins face-off versus Tim Connolly in Sabres zone.
18:09 of 2nd period - Snap shot by Andrei Loktionov.
18:09 of 2nd period - Shot Misses the Net.
18:11 of 2nd period - Snap shot by Andrei Loktionov.
18:11 of 2nd period - Stopped by Antti Niemi with a rebound.
18:13 of 2nd period - Slapshot by Kyle Okposo.
18:13 of 2nd period - Deflect By Evander Kane.
18:13 of 2nd period - Stopped by Antti Niemi without a rebound.
18:14 of 2nd period - Tim Connolly wins face-off versus Andrei Loktionov in Panthers zone.
18:23 of 2nd period - Slapshot by Guillaume Latendresse.
18:23 of 2nd period - Stopped by Robin Lehner with a rebound.
18:29 of 2nd period - Slapshot by Zach Bogosian.
18:29 of 2nd period - Stopped by Antti Niemi without a rebound.
18:30 of 2nd period - Scott Gomez wins face-off versus Vincent Lecavalier in Panthers zone.
18:46 of 2nd period - Wrist shot by Sergei Samsonov.
18:46 of 2nd period - Stopped by Robin Lehner with a rebound.
19:03 of 2nd period - Wrist shot by Kyle Okposo.
19:03 of 2nd period - Goal by Kyle Okposo - Panthers : 2 - Sabres : 2.
19:04 of 2nd period - Tim Connolly wins face-off versus Andrei Loktionov in neutral zone.
19:15 of 2nd period - Evander Kane is hit by Marian Hossa and loses puck.
19:27 of 2nd period - Icing by Jonathan Sigalet.
19:28 of 2nd period - Vincent Lecavalier wins face-off versus Tim Connolly in Panthers zone.
19:52 of 2nd period - Wrist shot by Marian Hossa.
19:52 of 2nd period - Shot Misses the Net.
Goals for this period are 2 for Panthers vs 1 for Sabres.
Shots for this period are 21 for Panthers vs 12 for Sabres.
3rd period
0:01 of 3rd period - Tim Connolly wins face-off versus Andrei Loktionov in neutral zone.
0:32 of 3rd period - Wrist shot by Alexander Perezhogin.
0:32 of 3rd period - Stopped by Robin Lehner with a rebound.
0:34 of 3rd period - Snap shot by Jonathan Sigalet.
0:34 of 3rd period - Stopped by Robin Lehner without a rebound.
0:35 of 3rd period - Scott Gomez wins face-off versus Ryan O'Reilly in Sabres zone.
1:24 of 3rd period - Snap shot by Evander Kane.
1:24 of 3rd period - Stopped by Antti Niemi with a rebound.
1:35 of 3rd period - Minor Penalty to Shawn Horcoff for Hooking.
1:36 of 3rd period - Vincent Lecavalier wins face-off versus Scott Gomez in Panthers zone.
1:36 of 3rd period - Slapshot by Kyle Okposo.
1:36 of 3rd period - Shot Misses the Net.
1:48 of 3rd period - Slapshot by Zach Bogosian.
1:48 of 3rd period - Shot Misses the Net.
2:08 of 3rd period - Cody Ceci is hit by Zack Kassian and loses puck.
2:23 of 3rd period - Snap shot by Tim Connolly.
2:23 of 3rd period - Goal by Tim Connolly - Panthers : 3 - Sabres : 2.
2:24 of 3rd period - Vincent Lecavalier wins face-off versus Scott Gomez in neutral zone.
2:27 of 3rd period - Wrist shot by J.T. Miller.
2:27 of 3rd period - Deflect By Guillaume Latendresse.
2:27 of 3rd period - Goal by J.T. Miller - Panthers : 3 - Sabres : 3.
2:28 of 3rd period - Tim Connolly wins face-off versus Andrei Loktionov in neutral zone.
2:33 of 3rd period - Backhand shot by Jonathan Sigalet.
2:33 of 3rd period - Deflect By Guillaume Latendresse.
2:33 of 3rd period - Stopped by Robin Lehner with a rebound.
2:35 of 3rd period - Snap shot by Erik Gudbranson.
2:35 of 3rd period - Stopped by Robin Lehner with a rebound.
2:37 of 3rd period - Snap shot by Tim Connolly.
2:37 of 3rd period - Shot Blocked by Kyle Okposo.
2:39 of 3rd period - Slapshot by Erik Gudbranson.
2:39 of 3rd period - Shot Misses the Net.
2:41 of 3rd period - Slapshot by Marian Hossa.
2:41 of 3rd period - Shot Blocked by Rob Scuderi.
3:17 of 3rd period - Matthew Spiller is hit by Matt Martin and loses puck.
3:53 of 3rd period - Snap shot by Rob Scuderi.
3:53 of 3rd period - Shot Blocked by Cody Ceci.
3:55 of 3rd period - Slapshot by Rob Scuderi.
3:55 of 3rd period - Stopped by Antti Niemi without a rebound.
3:56 of 3rd period - Brandon Sutter wins face-off versus Jonathan Matsumoto in Panthers zone.
4:13 of 3rd period - Snap shot by Daniel Paille.
4:13 of 3rd period - Shot Misses the Net.
4:15 of 3rd period - Wrist shot by Jonathan Matsumoto.
4:15 of 3rd period - Stopped by Robin Lehner without a rebound.
4:16 of 3rd period - Andrei Loktionov wins face-off versus Tim Connolly in Sabres zone.
4:50 of 3rd period - Backhand shot by Erik Gudbranson.
4:50 of 3rd period - Stopped by Robin Lehner with a rebound.
4:52 of 3rd period - Snap shot by Jonathan Sigalet.
4:52 of 3rd period - Shot Misses the Net.
4:54 of 3rd period - Slapshot by Shawn Horcoff.
4:54 of 3rd period - Stopped by Robin Lehner with a rebound.
5:00 of 3rd period - Minor Penalty to Evander Kane for Interference.
5:01 of 3rd period - Brandon Sutter wins face-off versus Tim Connolly in Sabres zone.
7:00 of 3rd period - Penalty to Evander Kane is over, Evander Kane is back on ice.
7:02 of 3rd period - Michael Kostka is hit by Radko Gudas and loses puck.
7:34 of 3rd period - Icing by Jordan Leopold.
7:35 of 3rd period - Shawn Horcoff wins face-off versus Matt Martin in Sabres zone.
8:16 of 3rd period - J.T. Miller is hit by Tim Connolly.
8:20 of 3rd period - Guillaume Latendresse is hit by J.T. Miller and loses puck.
8:43 of 3rd period - Wrist shot by Zack Kassian.
8:43 of 3rd period - Stopped by Antti Niemi with a rebound.
8:45 of 3rd period - Wrist shot by Andrei Loktionov.
8:45 of 3rd period - Shot Misses the Net.
8:53 of 3rd period - Minor Penalty to Jonathan Matsumoto for Interference.
8:54 of 3rd period - Scott Gomez wins face-off versus Vincent Lecavalier in Panthers zone.
9:11 of 3rd period - Slapshot by Scott Gomez.
9:11 of 3rd period - Shot Misses the Net.
9:23 of 3rd period - Matthew Spiller is hit by Andrei Loktionov and loses puck.
10:53 of 3rd period - Penalty to Jonathan Matsumoto is over, Jonathan Matsumoto is back on ice.
11:02 of 3rd period - Tomas Kopecky is hit by Scottie Upshall and loses puck.
11:23 of 3rd period - Snap shot by Ryan O'Reilly.
11:23 of 3rd period - Shot Blocked by William Colbert.
11:51 of 3rd period - Michael Haley is hit by Peter Prucha and loses puck.
12:08 of 3rd period - Snap shot by Scottie Upshall.
12:08 of 3rd period - Stopped by Antti Niemi without a rebound.
12:09 of 3rd period - Vincent Lecavalier wins face-off versus Shawn Horcoff in Panthers zone.
12:34 of 3rd period - Marian Hossa is hit by Matt Martin and loses puck.
12:41 of 3rd period - Matt Martin is hit by Marian Hossa and loses puck.
13:22 of 3rd period - Wrist shot by Vincent Lecavalier.
13:22 of 3rd period - Stopped by Antti Niemi without a rebound.
13:23 of 3rd period - Ryan O'Reilly wins face-off versus Tim Connolly in Panthers zone.
13:48 of 3rd period - Peter Prucha is hit by Martin St. Louis.
13:54 of 3rd period - J.T. Miller is hit by Scott Gomez and loses puck.
14:04 of 3rd period - Icing by Zach Bogosian.
14:05 of 3rd period - Andrei Loktionov wins face-off versus Shawn Horcoff in Sabres zone.
14:14 of 3rd period - Slapshot by Evander Kane.
14:14 of 3rd period - Stopped by Antti Niemi with a rebound.
14:16 of 3rd period - Snap shot by Evander Kane.
14:16 of 3rd period - Shot Blocked by Erik Gudbranson.
14:20 of 3rd period - Wrist shot by Andrei Loktionov.
14:20 of 3rd period - Stopped by Antti Niemi without a rebound.
14:21 of 3rd period - Vincent Lecavalier wins face-off versus Tim Connolly in Panthers zone.
14:22 of 3rd period - Wrist shot by Martin St. Louis.
14:22 of 3rd period - Shot Misses the Net.
14:24 of 3rd period - Wrist shot by Vincent Lecavalier.
14:24 of 3rd period - Shot Misses the Net.
14:26 of 3rd period - Slapshot by J.T. Miller.
14:26 of 3rd period - Deflect By Martin St. Louis.
14:26 of 3rd period - Stopped by Antti Niemi without a rebound.
14:27 of 3rd period - Tim Connolly wins face-off versus Vincent Lecavalier in Panthers zone.
15:14 of 3rd period - Wrist shot by Alexander Perezhogin.
15:14 of 3rd period - Stopped by Robin Lehner without a rebound.
15:15 of 3rd period - Ryan O'Reilly wins face-off versus Jeff Tambellini in Sabres zone.
15:15 of 3rd period - Ryan O'Reilly is hit by Shawn Horcoff.
15:28 of 3rd period - Minor Penalty to Radko Gudas for Hooking.
15:29 of 3rd period - Scott Gomez wins face-off versus Vincent Lecavalier in Panthers zone.
15:55 of 3rd period - Icing by Rob Scuderi.
15:56 of 3rd period - Shawn Horcoff wins face-off versus Andrei Loktionov in Sabres zone.
16:21 of 3rd period - Kyle Okposo is hit by Guillaume Latendresse and loses puck.
16:28 of 3rd period - Cody Ceci is hit by J.T. Miller and loses puck.
17:28 of 3rd period - Penalty to Radko Gudas is over, Radko Gudas is back on ice.
17:46 of 3rd period - Rob Scuderi is hit by Guillaume Latendresse.
17:56 of 3rd period - Michael Haley is hit by William Colbert and loses puck.
19:57 of 3rd period - Daniel Paille is hit by Jared Cowen and loses puck.
Goals for this period are 1 for Panthers vs 1 for Sabres.
Shots for this period are 9 for Panthers vs 9 for Sabres.
Overtime #1
0:01 of 1st overtime period - Vincent Lecavalier wins face-off versus Tim Connolly in neutral zone.
0:04 of 1st overtime period - Slapshot by Rob Scuderi.
0:04 of 1st overtime period - Stopped by Antti Niemi with a rebound.
0:06 of 1st overtime period - Slapshot by Rob Scuderi.
0:06 of 1st overtime period - Stopped by Antti Niemi with a rebound.
0:48 of 1st overtime period - Snap shot by Michael Kostka.
0:48 of 1st overtime period - Stopped by Antti Niemi with a rebound.
0:50 of 1st overtime period - Snap shot by Ryan O'Reilly.
0:50 of 1st overtime period - Shot Misses the Net.
1:09 of 1st overtime period - Icing by Tim Connolly.
1:10 of 1st overtime period - Tim Connolly wins face-off versus Vincent Lecavalier in Panthers zone.
1:28 of 1st overtime period - Off-side.
1:29 of 1st overtime period - Scott Gomez wins face-off versus Martin St. Louis in neutral zone.
1:32 of 1st overtime period - Rob Scuderi is hit by Erik Gudbranson and loses puck.
3:04 of 1st overtime period - Off-side.
3:05 of 1st overtime period - Scott Gomez wins face-off versus Zack Kassian in neutral zone.
3:08 of 1st overtime period - Jared Cowen is hit by Daniel Paille.
3:12 of 1st overtime period - Erik Gudbranson is hit by Martin St. Louis and loses puck.
3:19 of 1st overtime period - Jared Cowen is hit by Erik Gudbranson and loses puck.
4:14 of 1st overtime period - Wrist shot by Marian Hossa.
4:14 of 1st overtime period - Stopped by Robin Lehner with a rebound.
Goals for this period are 0 for Panthers vs 0 for Sabres.
Shots for this period are 1 for Panthers vs 3 for Sabres.
ShootOut
5:00 of 1st overtime period - Penalty Shot by Guillaume Latendresse for Panthers.
5:00 of 1st overtime period - Snap shot by Guillaume Latendresse.
5:00 of 1st overtime period - Stopped by Robin Lehner.
5:00 of 1st overtime period - Penalty Shot by Vincent Lecavalier for Sabres.
5:00 of 1st overtime period - Snap shot by Vincent Lecavalier.
5:00 of 1st overtime period - Stopped by Antti Niemi.
5:00 of 1st overtime period - Penalty Shot by Sergei Samsonov for Panthers.
5:00 of 1st overtime period - Deke by Sergei Samsonov.
5:00 of 1st overtime period - Goal by Sergei Samsonov.
5:00 of 1st overtime period - Penalty Shot by Kyle Okposo for Sabres.
5:00 of 1st overtime period - Wrist shot by Kyle Okposo.
5:00 of 1st overtime period - Goal by Kyle Okposo.
5:00 of 1st overtime period - Penalty Shot by Jeff Tambellini for Panthers.
5:00 of 1st overtime period - Backhand shot by Jeff Tambellini.
5:00 of 1st overtime period - Stopped by Robin Lehner.
5:00 of 1st overtime period - Penalty Shot by Evander Kane for Sabres.
5:00 of 1st overtime period - Backhand shot by Evander Kane.
5:00 of 1st overtime period - Stopped by Antti Niemi.
5:00 of 1st overtime period - Penalty Shot by Marian Hossa for Panthers.
5:00 of 1st overtime period - Backhand shot by Marian Hossa.
5:00 of 1st overtime period - Shot Hit the Post.
5:00 of 1st overtime period - Penalty Shot by Scottie Upshall for Sabres.
5:00 of 1st overtime period - Deke by Scottie Upshall.
5:00 of 1st overtime period - Stopped by Antti Niemi.
5:00 of 1st overtime period - Penalty Shot by Peter Prucha for Panthers.
5:00 of 1st overtime period - Snap shot by Peter Prucha.
5:00 of 1st overtime period - Stopped by Robin Lehner.
5:00 of 1st overtime period - Penalty Shot by Andrei Loktionov for Sabres.
5:00 of 1st overtime period - Snap shot by Andrei Loktionov.
5:00 of 1st overtime period - Stopped by Antti Niemi.
5:00 of 1st overtime period - Penalty Shot by Jonathan Matsumoto for Panthers.
5:00 of 1st overtime period - Snap shot by Jonathan Matsumoto.
5:00 of 1st overtime period - Shot Misses the Net.
5:00 of 1st overtime period - Penalty Shot by Ryan O'Reilly for Sabres.
5:00 of 1st overtime period - Snap shot by Ryan O'Reilly.
5:00 of 1st overtime period - Stopped by Antti Niemi.
5:00 of 1st overtime period - Penalty Shot by Shawn Horcoff for Panthers.
5:00 of 1st overtime period - Deke by Shawn Horcoff.
5:00 of 1st overtime period - Shot Misses the Net.
5:00 of 1st overtime period - Penalty Shot by Matt Martin for Sabres.
5:00 of 1st overtime period - Backhand shot by Matt Martin.
5:00 of 1st overtime period - Shot Misses the Net.
5:00 of 1st overtime period - Penalty Shot by Daniel Paille for Panthers.
5:00 of 1st overtime period - Deke by Daniel Paille.
5:00 of 1st overtime period - Shot Misses the Net.
5:00 of 1st overtime period - Penalty Shot by Michael Haley for Sabres.
5:00 of 1st overtime period - Backhand shot by Michael Haley.
5:00 of 1st overtime period - Shot Misses the Net.
5:00 of 1st overtime period - Penalty Shot by Alexander Perezhogin for Panthers.
5:00 of 1st overtime period - Snap shot by Alexander Perezhogin.
5:00 of 1st overtime period - Goal by Alexander Perezhogin.
5:00 of 1st overtime period - Penalty Shot by Jordan Leopold for Sabres.
5:00 of 1st overtime period - Snap shot by Jordan Leopold.
5:00 of 1st overtime period - Stopped by Antti Niemi.
Back to the Top